 Dungeon Crawl Stone Soup version 0.23-a0-143-g1adec7b (webtiles) character file.

37 corax the Skirmisher (level 3, 0/29 HPs)
             Began as a Demonspawn Monk on Sept 4, 2018.
             Succumbed to an adder's poison
             ... on level 2 of the Dungeon.
             The game lasted 00:04:49 (1048 turns).

corax the Skirmisher (Demonspawn Monk)              Turns: 1048, Time: 00:04:50

Health: 0/29       AC:  2    Str: 12    XL:     3   Next: 21%
Magic:  3/3        EV: 13    Int: 11    God:
Gold:   92         SH:  0    Dex: 15    Spells: 2/2 levels left

rFire    x . .     SeeInvis .   a - +0 hand axe
rCold    + . .     Gourm    .   (no shield)
rNeg     . . .     Faith    .   b - +0 robe
rPois    .         Spirit   .   (no helmet)
rElec    .         Reflect  .   (no cloak)
rCorr    .         Harm     .   (no gloves)
MR       .....                  (no boots)
Stlth    ++........             (no amulet)
HPRegen  0.09/turn              d - ring of ice
MPRegen  0.08/turn              (no ring)

@: lethally poisoned (0 -> -1), hasted, very quick
A: rot immunity
a: no special abilities


You were on level 2 of the Dungeon.
You were not hungry.

You visited 1 branch of the dungeon, and saw 2 of its levels.

You collected 92 gold pieces.

Inventory:

Hand Weapons
 a - a +0 hand axe (weapon)
Armour
 b - a +0 robe (worn)
Jewellery
 d - a ring of ice (left hand)
Scrolls
 e - 3 scrolls of identify {unknown}
 f - a scroll of amnesia {unknown}
 g - a scroll of enchant weapon {unknown}
 i - a scroll of remove curse {unknown}
 j - a scroll of enchant armour {unknown}
Comestibles
 c - 3 rations


   Skills:
 + Level 3.3 Fighting
 + Level 3.2 Axes
 + Level 3.1 Dodging
 + Level 2.0 Stealth


You had 2 spell levels left.
You didn't know any spells.
Your spell library was empty.

Dungeon Overview and Level Annotations

Branches:
Dungeon (2/15)

Altars:


Innate Abilities, Weirdness & Mutations

You are immune to rotting.


Message History

Increase (S)trength, (I)ntelligence, or (D)exterity?
You feel stronger.
* * * LOW HITPOINT WARNING * * *
You feel sick.
It was a potion of haste.
You feel yourself speed up.
You see here an adder corpse.
You butcher the adder corpse.
Things that are here:
2 chunks of flesh; an adder skeleton Eat one of 2 chunks of flesh? (ye/n/q)
You eat one of the 2 chunks of flesh.
This raw flesh tastes terrible.
* * * LOW HITPOINT WARNING * * *
You feel sick.
Really walk into that teleport trap?
You enter a teleport trap!
The teleport trap disappears.
Your surroundings suddenly seem different.
Found a leather armour.
Found a stone staircase leading up.
* * * LOW HITPOINT WARNING * * *
You feel sick.
You die...

### <.## .#
...###
#######.#
.......
#.........
...###..
#..........#
...#
.##..[.......#
...#
............#
...#
#..........#
...#
#@.........#
...#
#..........#
...#
#...<......#
...#
#..........#
############


There were no monsters in sight!

Vanquished Creatures
  An adder (D:2)
  A leopard gecko (D:2)
  2 giant cockroaches
  4 goblins
  6 hobgoblins
  2 kobolds (D:1)
  3 bats
  2 frilled lizards
  4 rats (D:1)
25 creatures vanquished.

Notes
Turn   | Place    | Note
-------+----------+-------------------------------------------
     0 | D:1      | corax the Demonspawn Monk began the quest for the Orb.
     0 | D:1      | Reached XP level 1. HP: 18/18 MP: 1/1
   211 | D:1      | Gained mutation: You are immune to rotting. [demonic
                  | ancestry]
   211 | D:1      | Reached XP level 2. HP: 13/24 MP: 2/2
  1031 | D:2      | Reached XP level 3. HP: 3/29 MP: 3/3
  1035 | D:2      | HP: 1/29 [poisoned by an adder]
  1042 | D:2      | HP: 1/29 [poisoned by an adder]
  1048 | D:2      | Succumbed to an adder's poison

Vault maps used:
D:1:      eino_arrival_cavern_b, hangedman_decor_riveting, minmay_ruptured
D:2:      nicolae_overflow_crystal_walls, nemelex_spade_bored_becter

Skill      XL: |  1  2 |
---------------+-------+-----
Axes           | 3 |  3.2
Dodging        | 3 |  3.1
Stealth        | 2 |  2.0
Fighting       | |  3.3

Action                   || total
-------------------------++-------
Melee: Hand axe          ||    96
  Use: Potion            ||     1
 Stab: Sleeping          ||     3
  Eat: Chunk             ||     1
Armor: Robe              ||    21
Dodge: Dodged            ||    87

Table legend:
 A = Non-vault XP
 B = Vault XP
 C = Vault XP percentage of total XP
 D = Non-vault monster count
 E = Vault monster count
 F = Vault count percentage of total count
                 A         B        C        D         E       F
            +---------+---------+-------+---------+---------+-------
      Total |      50 |       3 |   5.7 |      22 |       3 |  12.0
            +---------+---------+-------+---------+---------+-------
        D:1 |      23 |       3 |  11.5 |      14 |       3 |  17.6
        D:2 |      27 |       0 |   0.0 |       8 |       0 |   0.0
            +---------+---------+-------+---------+---------+-------
